 Dungeon Sprint DCSS version 0.31-a0-95-g6fa058ef04 (webtiles) character file.

Game seed: 17610959829654015471

2705 fozzywoppz the Unseen (level 9, -7/48 HPs)
             Began as a Spriggan Enchanter on May 25, 2023.
             Was an Elder of Sif Muna.
             Mangled by a soul eater (17 damage)
             ... summoned by an orc high priest
             ... in the Dungeon (Sprint III: "The Ten Rune Challenge").
             The game lasted 00:06:14 (663 turns).

fozzywoppz the Unseen (Spriggan Enchanter)           Turns: 663, Time: 00:06:14

Health: -7/48      AC:  2    Str:  6    XL:     9   Next: 39%
Magic:  0/17       EV: 28    Int: 16    God:    Sif Muna [****..]
Gold:   31         SH:  0    Dex: 18    Spells: 10/18 levels left

rFire   . . .        a - +1 dagger
rCold   . . .        (no shield)
rNeg    . . .        b - +0 robe
rPois   .            (helmet restricted)
rElec   .            (no cloak)
rCorr   .            (gloves unavailable)
SInv    +            (boots unavailable)
Will    +....        j - amulet of guardian spirit
Stlth   ++++++       (no ring)
HPRegen 0.28/turn    (no ring)
MPRegen 0.15/turn

%: no teleportation, guardian spirit
@: confusing by touch, invisible, very quick
A: very small, no large weapons, unfitting armour, see invisible, speed 3
a: Renounce Religion, Channel Magic, Forget Spell, Divine Exegesis


You were in the Dungeon.
You worshipped Sif Muna.
Sif Muna was greatly pleased with you.
You visited 1 branch You collected 31 gold pieces.

Inventory:

Hand Weapons
 a - a +1 dagger (weapon)
Armour
 b - a +0 robe (worn)
Jewellery
 j - an amulet of guardian spirit (around neck)
Wands
 p - a wand of polymorph (13)
Scrolls
 i - a scroll of blinking
 k - a scroll of identify
Potions
 c - a potion of invisibility
 d - a potion of curing
 f - a potion of haste
 g - 2 potions of magic
 h - a potion of berserk rage
 n - 2 potions of enlightenment
 o - 4 potions of mutation
Miscellaneous
 q - a tin of tremorstones (2/2)


   Skills:
 + Level 6.1 Fighting
 - Level 10.0 Short Blades
 - Level 15.0 Dodging
 + Level 15.0 Stealth
 - Level 5.0 Spellcasting
 - Level 10.0 Hexes
 + Level 7.3 Invocations


You had 10 spell levels left.
You knew the following spells:

 Your Spells              Type           Power      Damage    Failure   Level
a - Ensorcelled Hibernat  Hex/Ice        36%        N/A       3%          2
b - Confusing Touch       Hex            36%        N/A       1%          3
c - Tukima's Dance        Hex            36%        N/A       1%          3

Your spell library contained the following spells:

 Spells                   Type           Power      Damage    Failure   Level
 Dazzling Flash           Conj/Hex       36%        N/A       8%          3
 Passwall                 Tmut/Erth      1%         N/A       30%         2
 Swiftness                Air            4%         N/A       41%         3


Dungeon Overview and Level Annotations

Branches:
Dungeon (1/1)

Altars:
Cheibriados
Dithmenos
Elyvilon
Fedhas
Gozag
Hepliaklqana
Kikubaaqudgha
Makhleb
Nemelex Xobeh
Okawaru
Qazlal
Ru
Sif Muna
Trog
Uskayaw
Vehumet
Wu Jian
Xom
Yredelemnul
Zin
The Shining One
Jiyva
Lugonu

Shops:
D [


Innate Abilities, Weirdness & Mutations

You are very small and have problems with some larger weapons.
You are too small for most types of armour.
You have supernaturally acute eyesight. (SInv)
You cover ground extremely quickly. (Speed+++)


Message History

The orc wizard points at you and mumbles some strange words.
The puff of flame misses you. The orc warrior closely misses you.
The orc high priest mumbles some strange prayers to Beogh against you.
The orc wizard writhes in agony!
The orc wizard dies!
You catch the helpless orc warrior completely off-guard!
You hit the orc warrior but do no damage.
The orc warrior is heavily wounded.
The chaos spawn is engulfed in poison gas.
The chaos spawn looks even sicker.
Unknown command.
Really walk into that cloud of poison gas?
Okay, then.
You catch the helpless orc warrior completely off-guard!
You hit the orc warrior but do no damage.
The orc warrior appears confused.
The orc warrior is heavily wounded.
The orc warrior misses you.
Unknown command.
You hit the orc warrior.
The orc warrior is heavily wounded.
The chaos spawn is engulfed in poison gas.
The chaos spawn looks even sicker.
The soul eater draws from the surrounding life force!
* * * LOW HITPOINT WARNING * * *
Unknown command.
Press: ? - help, v - describe, . - travel, g - get item
Here: a soul eater (summoned)
Items here: $ ) [ †.
The floor.
Okay, then.
Casting: Confusing Touch (safe; 1% risk of failure)
Confirm with . or Enter, or press ? or * to list all spells.
Your hands begin to glow red.
The orc sorcerer gestures wildly while chanting.
The orc warrior wonders, "What am I doing in here?"
The chaos spawn is engulfed in poison gas.
The chaos spawn looks as sick as possible!
The soul eater draws from the surrounding life force!
You die...

▓▓▓ ▓▓ ##.#################§#
##..#___#___#__#§☼☼o☼###
.#..#)..#__)#._#§§oo3ooo
.#..###'#'###)##§o§oo§o4
'#..#..........#o3oooo☼o
#...'.⌠........#@#
#...#...######'#§#
....#.⌠.#v_#...#§################
....#...#__#...#§§..#)#)#)....#^^
....#'###__#...##§#.)#.##.###.#..
.†..#.))#__#...'##§#.#.##.#)†##^.
....#___#__+...#..§#..#..##.)'...
▓▓▓▓▓▓▓▓▓▓▓▓▓▓▓▓▓▓▓▓▓▓▓▓▓▓▓▓▓#...
#...


You could see 2 soul eaters, an orc high priest (unable to see you), a chaos
spawn (summoned, wandering, unable to see you, extremely poisoned), an orc
sorcerer, 2 orc warriors, an orc priest (unable to see you), an orc wizard
(unable to see you) and 10 orcs.

Vanquished Creatures
  Erolcha (D)
  A deep elf pyromancer (D)
  A shadow (D)
  2 redbacks (D)
  5 two-headed ogres (D)
  A necrophage (D)
  A water elemental (D)
  A jelly (D)
  A necromancer (D)
  A wizard (D)
  A kobold demonologist (D)
  3 humans (D)
  A wolf (D)
  An endoplasm (D)
  3 rats (D)
24 creatures vanquished.

Vanquished Creatures (others)
  An orc wizard (D)
1 creature vanquished.

Grand Total: 25 creatures vanquished

Notes
Turn   | Place    | Note
-------+----------+-------------------------------------------
     0 | D        | fozzywoppz the Spriggan Enchanter began the quest for the
                  | Orb.
     0 | D        | Reached XP level 1. HP: 9/9 MP: 5/5
    56 | D        | Noticed a wolf
    59 | D        | Killed a wolf
    60 | D        | Reached skill level 5 in Stealth
    60 | D        | Reached XP level 2. HP: 13/13 MP: 5/7
    63 | D        | Learned a level 2 spell: Ensorcelled Hibernation
   145 | D        | Reached skill level 5 in Hexes
   145 | D        | Reached XP level 3. HP: 10/16 MP: 1/9
   197 | D        | Learned a level 3 spell: Confusing Touch
   201 | D        | Learned a level 3 spell: Tukima's Dance
   233 | D        | Noticed a water elemental
   236 | D        | Killed a water elemental
   237 | D        | Reached XP level 4. HP: 21/21 MP: 11/11
   239 | D        | Found a radiant altar of Vehumet.
   239 | D        | Found a shimmering blue altar of Sif Muna.
   239 | D        | Found an ancient bone altar of Kikubaaqudgha.
   239 | D        | Noticed a wizard
   241 | D        | Killed a wizard
   242 | D        | Reached skill level 5 in Short Blades
   244 | D        | Reached XP level 5. HP: 24/24 MP: 12/12
   249 | D        | Became a worshipper of Sif Muna the Loreminder
   257 | D        | Found a glowing silver altar of Zin.
   257 | D        | Found a glowing golden altar of the Shining One.
   257 | D        | Found a white marble altar of Elyvilon.
   258 | D        | Noticed a deep elf pyromancer
   260 | D        | Killed a deep elf pyromancer
   261 | D        | Reached XP level 6. HP: 28/28 MP: 13/13
   261 | D        | Reached XP level 7. HP: 32/32 MP: 14/14
   268 | D        | Found a hide-covered altar of Uskayaw.
   268 | D        | Found an iron altar of Okawaru.
   268 | D        | Found a bloodstained altar of Trog.
   268 | D        | Found an ornate altar of the Wu Jian Council.
   268 | D        | Noticed a human
   269 | D        | Noticed a human
   286 | D        | Killed a human
   287 | D        | Reached skill level 10 in Short Blades
   290 | D        | Killed a human
   290 | D        | Reached * piety under Sif Muna
   291 | D        | Reached skill level 15 in Stealth
   370 | D        | Found a basalt altar of Yredelemnul.
   370 | D        | Found a shadowy altar of Dithmenos.
   370 | D        | Found a sacrificial altar of Ru.
   403 | D        | Noticed a shadow
   405 | D        | Killed a shadow
   405 | D        | Reached ** piety under Sif Muna
   406 | D        | Reached XP level 8. HP: 36/36 MP: 9/15
   410 | D        | Reached skill level 15 in Dodging
   459 | D        | Found a blossoming altar of Fedhas.
   459 | D        | Found a stormy altar of Qazlal.
   459 | D        | Found a snail-covered altar of Cheibriados.
   459 | D        | Found a burning altar of Makhleb.
   459 | D        | Found a shimmering altar of Xom.
   460 | D        | Found a hazy altar of Hepliaklqana.
   460 | D        | Found an opulent altar of Gozag.
   460 | D        | Found a sparkling altar of Nemelex Xobeh.
   460 | D        | Found a corrupted altar of Lugonu.
   460 | D        | Found a viscous altar of Jiyva.
   482 | D        | Reached skill level 1 in Invocations
   484 | D        | Reached skill level 1 in Fighting
   486 | D        | Reached *** piety under Sif Muna
   487 | D        | Reached skill level 5 in Spellcasting
   491 | D        | Noticed a two-headed ogre
   494 | D        | Killed a two-headed ogre
   499 | D        | Noticed a two-headed ogre
   499 | D        | Noticed Erolcha
   501 | D        | Killed Erolcha
   502 | D        | Reached skill level 5 in Fighting
   502 | D        | Reached skill level 5 in Invocations
   502 | D        | Reached XP level 9. HP: 47/47 MP: 15/17
   502 | D        | Killed a two-headed ogre
   520 | D        | Reached **** piety under Sif Muna
   533 | D        | Reached skill level 10 in Hexes
   650 | D        | Found Caqipriqu's Armour Emporium.
   652 | D        | Noticed an orc high priest
   653 | D        | Noticed an orc sorcerer
   658 | D        | Noticed a soul eater
   663 | D        | Mangled by a soul eater

Illustrated notes

Levels and vault maps discovered:
D:        dungeon_sprint_mu [sprint_mu_entry_cave, sprint_mu_temple_rooms,
          sprint_mu_d1_spiders, sprint_mu_d2_genie, sprint_mu_d3_branching,
          sprint_mu_orc_legion, sprint_mu_elf_gauntlet, sprint_mu_hive_nellie,
          sprint_mu_lair_fedhas, sprint_mu_vaults_butterflies,
          sprint_mu_slime_circle, sprint_mu_swamp_cave, sprint_mu_shoals_archi,
          sprint_mu_blade_basic, sprint_mu_crypt_fortress,
          sprint_mu_tomb_spiral, sprint_mu_vestibule_basic,
          sprint_mu_gehenna_hellfire, sprint_mu_dis_giant,
          sprint_mu_tartarus_statrot, sprint_mu_cocytus_islands, sprint_mu_zot1]

Skill      XL: |  1  2  3  4  5  6  7  8  9 |
---------------+----------------------------+-----
Dodging        | 3 4 6 7 11 14 15 | 15.0
Spellcasting   | 3 4 5 |  5.0
Hexes          | 4 5 8 10 | 10.0
Short Blades   | 2 3 4 5 9 10 | 10.0
Stealth        | 5 6 8 9 13 15 | 15.0
Invocations    | 5 7 |  7.3
Fighting       | 5 6 |  6.1

Action                     |  1- 3 |  4- 6 |  7- 9 || total
---------------------------+-------+-------+-------++-------
  Melee: Dagger            |    44 |     3 |    61 ||   108
         Punch             |       |       |     1 ||     1
   Cast: Ensorcelled Hiber |     2 |       |     1 ||     3
         Confusing Touch   |       |       |     9 ||     9
    Use: Potion            |     1 |       |     4 ||     5
         Scroll            |       |       |     3 ||     3
   Stab: Sleeping          |     4 |     3 |     8 ||    15
         Confused          |       |       |     6 ||     6
         Invisible         |       |       |     2 ||     2
 Armour: Robe              |     4 |       |       ||     4
  Dodge: Dodged            |    21 |       |    30 ||    51

Table legend: (Time is in decaauts)
 A = Elapsed time spent in this place.
 B = Non-inter-level travel time spent in this place.
 C = Inter-level travel time spent in this place.
 D = Time resting spent in this place.
 E = Time spent auto-exploring this place.
 F = Levels seen in this place.
 G = Mean time per level.
                   A        B        C        D        E       F      G
               +--------+--------+--------+--------+--------+-----+--------+
         Total |    527 |    527 |      0 |    240 |      0 |   1 |  527.0 |
       Dungeon |    527 |    527 |      0 |    240 |      0 |   1 |  527.0 |
               +--------+--------+--------+--------+--------+-----+--------+

Top non-repeatable levels by time:
       D: 527 daAuts
